 Dungeon Crawl Stone Soup version 0.22.0 (webtiles) character file.

28 Cunctator the Digger (level 3, -23/19 HPs)
             Began as a Gargoyle Earth Elementalist on Aug 22, 2018.
             Killed from afar by an adder (32 damage)
             ... with an exploding inner flame
             ... hexed by the player character
             ... on level 2 of the Dungeon.
             The game lasted 00:05:26 (1955 turns).

Cunctator the Digger (Gargoyle Earth Elementalist)  Turns: 1955, Time: 00:05:27

Health: -23/19     AC:  6    Str: 11    XL:     3   Next: 14%
Magic:  3/6        EV: 12    Int: 16    God:
Gold:   60         SH:  0    Dex: 10    Spells: 3/7 levels left

rFire    . . .     SeeInvis .   h - -3 whip (curse)
rCold    . . .     Gourm    .   (no shield)
rNeg     + . .     Faith    .   c - +0 robe
rPois    ∞         Spirit   .   e - +0 helmet
rElec    +         Reflect  .   (no cloak)
rCorr    .         Harm     .   (no gloves)
MR       .....                  (no boots)
Stlth    ++........             (no amulet)
HPRegen  0.06/turn              (no ring)
MPRegen  0.10/turn              (no ring)

@: no status effects
A: negative energy resistance 1, electricity resistance, unbreathing,
petrification resistance, rot immunity, AC +3
a: no special abilities


You were on level 2 of the Dungeon.
You were hungry.

You visited 1 branch of the dungeon, and saw 2 of its levels.

You collected 60 gold pieces.

Inventory:

Hand Weapons
 h - a cursed -3 whip (weapon)
 m - a +0 whip
Missiles
 b - 49 stones (quivered)
Armour
 c - a +0 robe (worn)
 e - a +0 helmet (worn)
 f - a +1 robe of positive energy
 l - a +0 leather armour
Potions
 j - a potion of resistance {unknown}
Comestibles
 d - 2 rations
 k - 2 chunks of flesh


   Skills:
 - Level 1.6 Dodging
 - Level 2.2 Stealth
 + Level 2.6 Spellcasting
 + Level 0.1 Conjurations
   Level 0.7 Transmutations
 + Level 4.4 Earth Magic


You had 3 spell levels left.
You knew the following spells:

 Your Spells              Type           Power        Failure   Level  Hunger
a - Sandblast             Erth           ###...       3%          1    #......
b - Stone Arrow           Conj/Erth      #.....       22%         3    ###....

Your spell library contained the following spells:

 Spells                   Type           Power        Failure   Level  Hunger
 Passwall                 Tmut/Erth      ##......     11%         2    ##.....
 Lee's Rapid Deconstruct  Erth           ###.......   65%         5    ######.
 Petrify                  Tmut/Erth      ##......     56%         4    #####..


Dungeon Overview and Level Annotations

Branches:
Dungeon (2/15)

Altars:

Annotations:
D:2 Sigmund


Innate Abilities, Weirdness & Mutations

You are resistant to torment.
Your stone body is resilient. (AC +3)
You are immune to poison.
You resist negative energy. (rN+)
You are resistant to electric shocks. (rElec)
You can survive without breathing.
You are immune to petrification.
You are immune to rotting.


Message History

f - a +1 robe of positive energy The adder completely misses you.
As you read the scroll labeled ARUFEL VISOGAEH, it crumbles to dust.
The dust glows pale leaf green!
It was a scroll of random uselessness.
The adder barely misses you. x2
As you read the scroll labeled ALEANG PYINK, it crumbles to dust.
The creatures around you are filled with an inner flame!
It was a scroll of immolation.
The adder bites you but does no damage.
Casting: Sandblast (safe; 3% risk of failure)
Confirm with . or Enter, or press ? or * to list all spells.
Aiming: Stone Arrow (safe; 22% risk of failure)
Press: ? - help, Shift-Dir - straight line, f - adder
Aim: an adder (inner flame)
The stone arrow hits the adder.
The adder explodes!
The fiery explosion engulfs the hobgoblin.
The hobgoblin explodes!
The fiery explosion engulfs you!
Ouch! That really hurt!
You die...

#...g......##.....
#(########.##.....
#K# #.####### #.#
#{# #.# #.# #§#
#.# #§# #.#######
#§# #........ #@#
######### #.# #.#
#.. ###


You could see a kobold (inner flame).

Vanquished Creatures
  2 leopard geckos
  A giant cockroach (D:1)
  3 hobgoblins
  4 jackals (D:1)
  7 kobolds
  A frilled lizard (D:1)
  3 goblins (D:1)
  A rat (D:1)
22 creatures vanquished.

Notes
Turn   | Place    | Note
-------+----------+-------------------------------------------
     0 | D:1      | Cunctator the Gargoyle Earth Elementalist began the quest for the Orb.
     0 | D:1      | Reached XP level 1. HP: 10/10 MP: 3/3
   389 | D:1      | Reached skill level 4 in Earth Magic
   389 | D:1      | Reached XP level 2. HP: 15/15 MP: 5/5
  1834 | D:2      | Reached XP level 3. HP: 19/19 MP: 3/6
  1839 | D:2      | Learned a level 3 spell: Stone Arrow
  1885 | D:2      | Noticed Sigmund
  1955 | D:2      | Killed from afar by an adder

Skill      XL: |  1 |
---------------+----+-----
Earth Magic    | 4 |  4.4
Dodging        | |  1.6
Stealth        | |  2.2
Spellcasting   | |  2.6
Conjurations   | |  0.1
Transmutations | |  0.7

Action                   || total
-------------------------++-------
Melee: Unarmed           ||    28
       Whip              ||    73
 Cast: Sandblast         ||    16
  Use: Potion            ||     1
       Scroll            ||     3
 Stab: Sleeping          ||     2
  Eat: Chunk             ||     3
Armor: Robe              ||    55
Dodge: Dodged            ||    82
